 Dungeon Crawl Stone Soup version 0.29.1-1-gd02db6906a (webtiles) character file.

Game seed: 17904371853233370813

351 Zeld the Chopper (level 6, -9/56 HPs)
             Began as a Minotaur Fighter on Oct 16, 2022.
             Was an Initiate of Trog.
             Killed by divine providence
             ... invoked by an orc priest
              (15 damage)
             ... on level 4 of the Dungeon.
             The game lasted 00:02:44 (4012 turns).

Zeld the Chopper (Minotaur Fighter)                 Turns: 4012, Time: 00:02:45

Health: -9/56      AC:  9    Str: 23    XL:     6   Next: 34%
Magic:  5/5        EV:  9    Int:  5    God:    Trog [......]
Gold:   135        SH:  4    Dex:  9    Spells: 5/5 levels left

rFire   . . .      SeeInvis .   i - +1 short sword (venom)
rCold   . . .      Faith    .   c - +0 buckler
rNeg    . . .      Spirit   .   b - +0 scale mail
rPois   .          Reflect  .   (helmet restricted)
rElec   .          Harm     .   (no cloak)
rCorr   .          Rampage  .   q - +0 pair of gloves
Will    .....                   u - +0 pair of boots
Stlth   ..........              (no amulet)
HPRegen 0.18/turn               (no ring)
MPRegen 0.09/turn               (no ring)

@: no status effects
A: horns 2, retaliatory headbutt
a: Renounce Religion


You were on level 4 of the Dungeon.
You worshipped Trog.
Trog was noncommittal.
You visited 1 branch of the dungeon, and saw 4 of its levels.

You collected 135 gold pieces.

Inventory:

Hand Weapons
 a - a +0 war axe
 i - a +1 short sword of venom (weapon)
Armour
 b - a +0 scale mail (worn)
 c - a +0 buckler (worn)
 q - a +0 pair of gloves (worn)
 u - a +0 pair of boots (worn)
Scrolls
 e - a scroll of blinking {unknown}
 f - 2 scrolls of identify {unknown}
 g - 2 scrolls of teleportation {unknown}
 j - 2 scrolls of magic mapping {unknown}
 k - a scroll of amnesia {unknown}
 o - a scroll of vulnerability {unknown}
 p - a scroll of enchant armour {unknown}
 r - 2 scrolls of brand weapon {unknown}
 v - a scroll of torment {unknown}
Potions
 d - a potion of might
 h - a potion of attraction {unknown}
 l - 2 potions of magic {unknown}
 m - a potion of lignification {unknown}
 n - a potion of mutation {unknown}
 s - a potion of flight {unknown}
 t - 2 potions of invisibility {unknown}


   Skills:
 + Level 5.0 Fighting
 * Level 5.5 Axes
 + Level 5.1 Armour
 + Level 5.0 Shields


You had 5 spell levels left.
You didn't know any spells.
Your spell library was empty.

Dungeon Overview and Level Annotations

Branches:
Dungeon (4/15)
 Temple: D:4-7

Altars:
Hepliaklqana
Ru
Trog

Shops:
D:3 :[[


Innate Abilities, Weirdness & Mutations

You have a pair of horns on your head.
You reflexively headbutt those who attack you in melee.


Message History

The orc hits you but does no damage.
Items here: ))) [[ †††.
You closely miss the orc priest.
The orc priest is heavily wounded.
Something hits you.
The orc priest hits you with a +0 dagger.
You block the orc's attack.
Unknown command.
You hit something but do no damage. Your headbutt misses something.
Something hits you.
* * * LOW HITPOINT WARNING * * *
The orc priest hits you but does no damage.
The orc hits you but does no damage.
The orc priest hits you with a +0 dagger.
* * * LOW HITPOINT WARNING * * *
The orc hits you but does no damage. Something hits you but does no damage.
Okay, then.
You hit something but do no damage. Something hits you but does no damage.
The orc priest hits you with a +0 dagger.
* * * LOW HITPOINT WARNING * * *
The orc hits you with a +0 short sword.
* * * LOW HITPOINT WARNING * * *
Unknown command.
You miss something. Your headbutt misses something. Something hits you.
* * * LOW HITPOINT WARNING * * *
You block the orc priest's attack. You block the orc's attack.
Unknown command.
You closely miss the orc.
The orc is lightly wounded.
Something hits you but does no damage.
The orc priest looks encouraged for a moment.
The orc hits you but does no damage.
Unknown command.
You hit the orc.
The orc is poisoned.
Your headbutt misses the orc.
The orc is almost dead.
Something hits you.
* * * LOW HITPOINT WARNING * * *
The orc priest mumbles some strange prayers to Beogh against you.
Beogh smites you!
You die...

####### #.....#.......
#.[...#......#
#.....#......# ####
#.....#......# ...#
####.....#....... ...#
##........+......#
...####........o#......#
...'............@o.....#
...###.........{?#######
...# ##.<...####†.# ...#
####### ...!. ...#
.####..# ...# #. ..#
...# # ## ..[# ...#


You could see an orc priest and an orc (very poisoned).

Vanquished Creatures
  An ogre (D:4)
  Jessica (D:3)
  Natasha (thrice) (D:2)
  Terence (D:2)
  A gnoll (D:3)
  6 adders
  A worm (D:2)
  A dart slug (D:3)
  7 orcs
  8 bats
  6 endoplasms
  7 goblins
  4 hobgoblins
  2 jackals (D:3)
  5 quokkas
  7 ball pythons
  3 frilled lizards (D:1)
  4 kobolds
  8 rats
76 creatures vanquished.

Notes
Turn   | Place    | Note
-------+----------+-------------------------------------------
     0 | D:1      | Zeld the Minotaur Fighter began the quest for the Orb.
     0 | D:1      | Reached XP level 1. HP: 19/19 MP: 0/0
   131 | D:1      | Reached XP level 2. HP: 27/27 MP: 1/1
   599 | D:1      | Reached XP level 3. HP: 18/33 MP: 2/2
   823 | D:2      | Noticed Terence
   837 | D:2      | Killed Terence
  1172 | D:2      | Found a hazy altar of Hepliaklqana.
  1176 | D:2      | Noticed Natasha
  1181 | D:2      | Reached XP level 4. HP: 30/40 MP: 3/3
  1184 | D:2      | Killed Natasha
  1636 | D:2      | Found a faded altar of an unknown god.
  1638 | D:2      | Noticed Natasha
  1647 | D:2      | Killed Natasha
  1657 | D:2      | Reached XP level 5. HP: 44/47 MP: 4/4
  2123 | D:2      | Found a hazy altar of Hepliaklqana.
  2445 | D:2      | Noticed Natasha
  2446 | D:2      | Found a faded altar of an unknown god.
  2452 | D:2      | Killed Natasha
  2874 | D:3      | Noticed Jessica
  2886 | D:3      | Killed Jessica
  3045 | D:3      | Found Ogeririd's Book Boutique.
  3166 | D:3      | Found Fyhueru's Armour Shop.
  3300 | D:3      | Found a bloodstained altar of Trog.
  3321 | D:3      | Reached skill level 5 in Axes
  3337 | D:3      | Became a worshipper of Trog the Wrathful
  3568 | D:3      | Found Depen's Antique Armour Boutique.
  3656 | D:3      | Found a sacrificial altar of Ru.
  3890 | D:4      | Noticed an ogre
  3899 | D:4      | Killed an ogre
  3900 | D:4      | Reached skill level 5 in Armour
  3900 | D:4      | Reached skill level 5 in Shields
  3900 | D:4      | Reached XP level 6. HP: 47/55 MP: 5/5
  4006 | D:4      | Reached skill level 5 in Fighting
  4012 | D:4      | Killed from afar by an orc priest

Illustrated notes

Levels and vault maps discovered:
D:1:      roderic_octagonal_star, layout_loops_ring,
          corexii_item_surrounded_by_moat, st_stairs_4, minmay_close_crescents
D:2:      layout_basic, chequers_ecumenical_altar_simple, basic_altar,
          uniq_natasha, uniq_terence
D:3:      layout_loops_ring, mainiacjoe_overflow_small_starburst,
          trog_antimagical, serial_shops, shop, nicolae_diamond_shop,
          nicolae_shop_statue_plus, uniq_jessica
D:4:      layout_basic, mainiacjoe_overflow_paths, minmay_temple_entry_fiery,
          item_on_display_a

Skill      XL: |  1  2  3  4  5  6 |
---------------+-------------------+-----
Axes           | 3 4 5 |  5.5
Armour         | 4 5 |  5.1
Fighting       | 4 5 |  5.0
Shields        | 4 5 |  5.0

Action                   |  1- 3 |  4- 6 || total
-------------------------+-------+-------++-------
Melee: War axe           |    23 |       ||    23
       Headbutt          |    13 |    23 ||    36
       Short sword       |    56 |   111 ||   167
Armor: Scale mail        |    54 |    43 ||    97
Dodge: Dodged            |    49 |    46 ||    95
Block: Buckler           |    19 |    22 ||    41
